 Dungeon Crawl Stone Soup version 0.30-a0-1163-gf69bf04e7a (webtiles) character file.

Game seed: 9826509032986028704

71 garrulousMonolith the Digger (level 4, -3/28 HPs)
             Began as an Octopode Earth Elementalist on Apr 28, 2023.
             Was an Initiate of Cheibriados (penitent).
             Slain by an orc
             ... wielding a +0 club
              (9 damage)
             ... on level 2 of the Dungeon.
             The game lasted 00:02:23 (1111 turns).

garrulousMonolith the Digger (OpEE)                 Turns: 1111, Time: 00:02:24

Health: -3/28      AC:  1    Str:  7    XL:     4   Next: 24%
Magic:  2/7        EV: 13    Int: 19    God:    Cheibriados [......]
Gold:   88         SH:  0    Dex: 12    Spells: 1/7 levels left

rFire   . . .        b - +0 short sword
rCold   . . .        f - orb {mayhem}
rNeg    . . .        (helmet restricted)
rPois   .            (no amulet)
rElec   .            (no ring)
rCorr   .            (no ring)
SInv    .            (no ring)
Will    .....        (no ring)
Stlth   +++          (no ring)
HPRegen 0.24/turn    (no ring)
MPRegen 0.10/turn    (no ring)
                     (no ring)

%: mayhem
@: very slow
A: almost no armour, amphibious, 8 rings, camouflage 1, gelatinous body 1,
(nimble swimmer 1), tentacles
a: Renounce Religion


You were on level 2 of the Dungeon.
You worshipped Cheibriados.
Cheibriados was demanding penance.
You visited 1 branch of the dungeon, and saw 2 of its levels.

You collected 88 gold pieces.

Inventory:

Hand Weapons
 b - a +0 short sword (weapon)
Armour
 f - an orb of mayhem (worn)
Jewellery
 d - an amulet of guardian spirit
Scrolls
 c - a scroll of fear {unknown}
 e - a scroll of torment {unknown}
Potions
 a - a potion of magic
 g - a potion of flight {unknown}


   Skills:
 + Level 1.0 Fighting
 + Level 2.3 Dodging
 + Level 3.5 Stealth
 + Level 2.2 Spellcasting
 + Level 0.3 Conjurations
 + Level 1.6 Transmutations
 * Level 3.6 Earth Magic


You had one spell level left.
You knew the following spells:

 Your Spells              Type           Power      Damage    Failure   Level
a - Sandblast             Erth           32%        2d9       3%          1
b - Stone Arrow           Conj/Erth      18%        3d8       22%         3
c - Passwall              Tmut/Erth      10%        N/A       9%          2

Your spell library contained the following spells:

 Spells                   Type           Power      Damage    Failure   Level
 Petrify                  Tmut/Erth      12%        N/A       50%         4


Dungeon Overview and Level Annotations

Branches:
Dungeon (2/15)

Altars:
Cheibriados

Shops:
D:1 [


Innate Abilities, Weirdness & Mutations

You cannot wear most types of armour.
You are amphibious.
You can wear up to eight rings at the same time.
Your skin changes colour to match your surroundings (Stealth+).
Your rubbery body absorbs attacks. (AC +1, EV +1)
((You are camouflaged when in or above water. (Stealth+)))
You have tentacles for arms and can constrict up to eight enemies at once.


Message History

The orc priest shouts!
The orc priest closely misses you.
You hit the orc priest. Your grab misses the orc priest.
Your squeeze misses the orc priest.
The orc priest is moderately wounded.
The orc priest hits you with a +0 short sword.
The orc priest barely misses you.
You barely miss the orc priest. Your grab misses the orc priest.
The orc priest is moderately wounded.
The orc priest misses you.
An orc comes into view. It is wielding a +0 club.
You hit the orc priest. You grab the orc priest. You squeeze the orc priest.
The orc priest is severely wounded.
You constrict the orc priest, but do no damage.
The orc priest hits you but does no damage.
The orc priest hits you with a +0 short sword!
Casting: Sandblast (safe; 4% risk of failure)
Confirm with . or Enter, or press ? or * to list all spells.
Aiming: Sandblast (safe; 4% risk of failure)
Press: ? - help, Shift-Dir - straight line, f - orc priest
Aim: an orc priest, wielding a +0 short sword and wearing a +0 leather armour (severely wounded, constricted by you, fast, strong, frenzied and insane, 100% to hit)
The blast of sand hits the orc priest!
You kill the orc priest!
Cheibriados appreciates the change of pace.
The orc flies into a frenzy!
Cheibriados thinks you should slow down.
You feel very guilty. "You will pay for your transgression, mortal!"
The orc shouts!
The orc closely misses you.
You hear a shout!
Your Fighting skill increases to level 1!
You have reached level 4!
You barely miss the orc. You grab the orc. You constrict the orc.
The orc hits you with a +0 club.
* * * LOW HITPOINT WARNING * * *
You hit the orc.
The orc is heavily wounded.
You constrict the orc. The orc hits you with a +0 club!
You die...

. #.... .o #...#
...####...#
..........#
..........###
#######
##......###......
##..!....#<#......
#........#.#.)....
#@8......#.#......
#o)......#.#......
##..#.............
##.#....>.#......
....####.#...[..
...### #.#......
...o. #.####### ##
# #.# ...


You could see a neutral orc (fast, strong, insane).

Vanquished Creatures
  An orc priest (D:2)
  3 dart slugs (D:1)
  An orc (D:2)
  An endoplasm (D:1)
  2 giant cockroaches (D:1)
  A goblin (D:2)
  5 hobgoblins (D:1)
  4 jackals (D:1)
  2 kobolds (D:1)
  A quokka (D:1)
  3 ball pythons (D:1)
  3 bats (D:1)
  2 frilled lizards (D:1)
  4 rats (D:1)
33 creatures vanquished.

Notes
Turn   | Place    | Note
-------+----------+-------------------------------------------
     0 | D:1      | garrulousMonolith the Octopode Earth Elementalist began the
                  | quest for the Orb.
     0 | D:1      | Reached XP level 1. HP: 11/11 MP: 3/3
   164 | D:1      | Reached XP level 2. HP: 9/17 MP: 0/5
   483 | D:1      | Reached XP level 3. HP: 22/22 MP: 4/6
   488 | D:1      | Learned a level 3 spell: Stone Arrow
   491 | D:1      | Learned a level 2 spell: Passwall
   633 | D:1      | Found Acakh's Antique Armour Emporium.
   856 | D:1      | Found a faded altar of an unknown god.
   963 | D:1      | Prayed at the altar of an unknown god.
   963 | D:1      | Became a worshipper of Cheibriados the Contemplative
   963 | D:1      | Reached * piety under Cheibriados
  1105 | D:2      | Was placed under penance by Cheibriados
  1110 | D:2      | Reached skill level 1 in Fighting
  1110 | D:2      | Reached XP level 4. HP: 11/28 MP: 2/7
  1111 | D:2      | Slain by an orc

Illustrated notes

Levels and vault maps discovered:
D:1:      dpeg_arrival_oval, layout_basic, serial_shops,
          nicolae_shop_competitors_out_of_business,
          shapermc_ecumenical_altar_venn
D:2:      layout_basic, mrwooster_statue_mirror, uniq_jessica, uniq_sigmund,
          uniq_robin, uniq_crazy_yiuf_cottage

Skill      XL: |  1  2  3 |
---------------+----------+-----
Stealth        | 3 |  3.5
Fighting       | 1 |  1.0
Dodging        | |  2.3
Spellcasting   | |  2.2
Conjurations   | |  0.3
Transmutations | |  1.6
Earth Magic    | |  3.6

Action                     |  1- 3 |  4- 6 || total
---------------------------+-------+-------++-------
  Melee: Short sword       |    14 |     2 ||    16
         Tentacles         |     2 |       ||     2
         Constrict         |     3 |     1 ||     4
   Cast: Sandblast         |    47 |       ||    47
 Armour: Skin              |     3 |       ||     3
  Dodge: Dodged            |    40 |       ||    40

Table legend: (Time is in decaauts)
 A = Elapsed time spent in this place.
 B = Non-inter-level travel time spent in this place.
 C = Inter-level travel time spent in this place.
 D = Time resting spent in this place.
 E = Time spent auto-exploring this place.
 F = Levels seen in this place.
 G = Mean time per level.
                   A        B        C        D        E       F      G
               +--------+--------+--------+--------+--------+-----+--------+
         Total |   1156 |   1112 |     44 |    335 |    558 |   2 |  578.0 |
       Dungeon |   1156 |   1112 |     44 |    335 |    558 |   2 |  578.0 |
               +--------+--------+--------+--------+--------+-----+--------+

Top non-repeatable levels by time:
     D:1: 1045 daAuts
     D:2: 111 daAuts
